 Dungeon Crawl Stone Soup version 0.30-a0-591-g3c58d2bc28 (webtiles) character file.

Game seed: 14210354648602719427

9 flotson the Sneak (level 2, -3/24 HPs)
             Began as a Demonspawn Delver on Jan 4, 2023.
             Was an Initiate of Hepliaklqana.
             Slain by a kobold
             ... wielding a +2 whip of electrocution
              (5 damage)
             ... on level 3 of the Dungeon.
             The game lasted 00:01:03 (107 turns).

flotson the Sneak (Demonspawn Delver)                Turns: 107, Time: 00:01:04

Health: -3/24      AC:  4    Str: 12    XL:     2   Next: 6%
Magic:  2/2        EV: 11    Int: 11    God:    Hepliaklqana [......]
Gold:   23         SH:  0    Dex: 14    Spells: 1/1 levels left

rFire   . . .      SeeInvis .    a - +0 hand axe
rCold   . . .      Faith    .    (no shield)
rNeg    . . .      Spirit   .    b - +0 leather armour
rPois   .          Reflect  .    f - +0 helmet
rElec   .          Harm     .    (no cloak)
rCorr   .          Rampage  .    (no gloves)
Will    .....                    (no boots)
Stlth   +++                      (no amulet)
HPRegen 0.24/turn                (no ring)
MPRegen 0.08/turn                (no ring)

@: no status effects
A: demonic magic 1
a: Renounce Religion


You were on level 3 of the Dungeon.
You worshipped Hepliaklqana.
Hepliaklqana was noncommittal.
You visited 1 branch of the dungeon, and saw 3 of its levels.

You collected 23 gold pieces.

Inventory:

Hand Weapons
 a - a +0 hand axe (weapon)
Armour
 b - a +0 leather armour (worn)
 f - a +0 helmet (worn)
Wands
 g - a wand of digging (2)
Scrolls
 c - a scroll of fog
 d - a scroll of magic mapping
 e - a scroll of fear
Potions
 h - a potion of lignification {unknown}
 i - a potion of curing {unknown}


   Skills:
 + Level 3.1 Fighting
 + Level 1.9 Axes
 + Level 0.3 Armour
 + Level 1.9 Dodging
 + Level 4.6 Stealth
 + Level 0.0 Invocations
 + Level 0.4 Evocations


You had one spell level left.
You didn't know any spells.
Your spell library was empty.

Dungeon Overview and Level Annotations

Branches:
Dungeon (5/15)
 Temple: D:4-7

Altars:
Hepliaklqana


Innate Abilities, Weirdness & Mutations

Spells you cast may paralyse adjacent enemies.


Message History

Unknown command.
Press < or > to pray at altars.
You offer a prayer to Hepliaklqana.
Unknown command.
Press < or > to pray at altars.
You offer a prayer to Hepliaklqana.
Unknown command.
Press < or > to pray at altars.
You see here 5 stones.
Your extra speed is starting to run out.
You feel yourself slow down.
There is a stone staircase leading up here.
You climb upwards.
You hear the hiss of flowing sand.
There is an entrance to an ossuary on this level.
Hurry and find it before the portal is buried!
The goblin shouts!
The kobold shouts!
Found a scroll labelled MEOTZILEKHLIM and a scroll labelled YNKANO ZEUQO.
There is a stone staircase leading down here.
Found a stone staircase leading up.
The kobold attacks as you move away! The kobold hits you but does no damage.
The kobold attacks as you move away!
The kobold hits you with a +2 whip of electrocution.
Found a hand axe.
There is a stone staircase leading up here.
The kobold hits you with a +2 whip of electrocution.
You climb upwards.
There is a stone staircase leading down here.
You hit the kobold.
The kobold is moderately wounded.
The kobold hits you with a +2 whip of electrocution.
You closely miss the kobold. Your punch misses the kobold.
The kobold is moderately wounded.
The kobold hits you with a +2 whip of electrocution.
You are electrocuted!
Ouch! That really hurt!
* * * LOW HITPOINT WARNING * * *
You barely miss the kobold.
The kobold is moderately wounded.
The kobold hits you with a +2 whip of electrocution.
You die...

#########
......K@#
#######.#
#.# #.#
#.# #.#
#.. ...


You could see a kobold.

Vanquished Creatures
  An adder (D:5)
1 creature vanquished.

Notes
Turn   | Place    | Note
-------+----------+-------------------------------------------
     0 | D:5      | flotson the Demonspawn Delver began the quest for the Orb.
     0 | D:5      | Reached XP level 1. HP: 18/18 MP: 1/1
    24 | D:5      | Found a hazy altar of Hepliaklqana.
    26 | D:5      | Noticed a scorpion
    47 | D:5      | Gained mutation: Spells you cast may paralyse adjacent
                  | enemies. [demonic ancestry]
    47 | D:5      | Reached XP level 2. HP: 19/24 MP: 2/2
    72 | D:5      | Became a worshipper of Hepliaklqana the Forgotten
    94 | D:4      | Noticed a scorpion
   107 | D:3      | Slain by a kobold

Illustrated notes

Levels and vault maps discovered:
D:3:      layout_basic, nicolae_wu_jian_glorious_leap,
          mainiacjoe_overflow_tiny_flanked, gammafunk_ghost_necromancy
D:4:      layout_gridville, kennysheep_mini, grunt_gozag_statues,
          nicolae_ossuary_entry_ruins
D:5:      layout_rooms, mainiacjoe_overflow_alcove_2, nicolae_nh_ransacked_shop

Action                   || total
-------------------------++-------
Melee: Hand axe          ||     7
Evoke: Wand              ||     1
  Use: Potion            ||     1
Armor: Leather armour    ||     4
Dodge: Dodged            ||     5

Table legend: (Time is in decaauts)
 A = Elapsed time spent in this place.
 B = Non-inter-level travel time spent in this place.
 C = Inter-level travel time spent in this place.
 D = Time resting spent in this place.
 E = Time spent auto-exploring this place.
 F = Levels seen in this place.
 G = Mean time per level.
                   A        B        C        D        E       F      G
               +--------+--------+--------+--------+--------+-----+--------+
         Total |     90 |     90 |      0 |      0 |     21 |   3 |   30.0 |
       Dungeon |     90 |     90 |      0 |      0 |     21 |   3 |   30.0 |
               +--------+--------+--------+--------+--------+-----+--------+

Top non-repeatable levels by time:
     D:5: 77 daAuts
     D:4: 9 daAuts
     D:3: 3 daAuts
